 Dungeon Crawl Stone Soup version 0.23.2-1-ga50397a6bc (webtiles) character file.

Game seed: 6575759504804082747

94640 Peloso the Peltast (level 15, -1/136 HPs)
             Began as a Minotaur Fighter on May 12, 2019.
             Was the Champion of Okawaru.
             Succumbed to 1994's ghost's poison
             ... on level 2 of the Orcish Mines.
             The game lasted 01:23:49 (29754 turns).

Peloso the Peltast (Minotaur Fighter)              Turns: 29754, Time: 01:23:50

Health: -1/136     AC: 36    Str: 26    XL:     15   Next: 64%
Magic:  12/16      EV: 11    Int:  1    God:    Okawaru [******]
Gold:   2442       SH: 24    Dex: 11    Spells: 14/14 levels left

rFire    + + +     SeeInvis +   a - +5 scimitar (flame)
rCold    + + .     Gourm    .   c - +0 shield
rNeg     . . .     Faith    .   M - +0 crystal plate armour
rPois    +         Spirit   .   h - +2 hat
rElec    +         Reflect  +   d - +1 cloak {rF+}
rCorr    .         Harm     .   O - +2 pair of gloves
MR       +....                  B - +0 pair of boots of Music {rElec rF+++ rC- Int-4}
Stlth    ..........             n - +6 amulet of reflection
HPRegen  0.32/turn              l - ring of Day {rPois rF- rC+++ SInv Stlth+}
MPRegen  0.15/turn              (no ring)

@: lethally poisoned (-1 -> -16), heroism, berserk cooldown, slowed, very slow
A: retaliatory headbutt, horns 2
a: Heroism, Finesse, Renounce Religion


You were on level 2 of the Orcish Mines.
You worshipped Okawaru.
Okawaru was exalted by your worship.
You were hungry.

You visited 4 branches of the dungeon, and saw 23 of its levels.
You also visited: Gauntlet, Ice Cave and Volcano.

You collected 2931 gold pieces.
You spent 489 gold pieces at shops.

Inventory:

Hand Weapons
 a - a +5 scimitar of flaming (weapon)
 b - a +0 long sword of slicing
 P - a +2 trident of flaming
Armour
 c - a +0 shield (worn)
 d - a +1 cloak of fire resistance (worn)
 h - a +2 hat (worn)
 m - the +0 pair of gloves of Ashenzari's Wrath {rN+}
   (You found it in a Gauntlet)

   It protects you from negative energy.
 x - a +0 pair of gloves of strength
 B - the +0 pair of boots of Music (worn) {rElec rF+++ rC- Int-4}
   (Okawaru gifted it to you on level 9 of the Dungeon)

   It affects your intelligence (-4).
   It renders you almost immune to fire.
   It makes you vulnerable to cold.
   It insulates you from electricity.
 H - a +2 pair of boots of flying
 M - a +0 crystal plate armour (worn)
 O - a +2 pair of gloves (worn)
Jewellery
 l - the ring of Day (left hand) {rPois rF- rC+++ SInv Stlth+}
   (You found it in an ice cave)

   [ring of see invisible]

   It makes you vulnerable to fire.
   It renders you almost immune to cold.
   It protects you from poison.
   It lets you see invisible.
   It makes you more stealthy.
 n - a +6 amulet of reflection (around neck)
 o - an uncursed ring of protection from fire
 s - a cursed ring of attention {unknown}
 C - a cursed ring of attention {unknown}
 L - an uncursed ring of poison resistance
Wands
 A - a wand of random effects (13)
Scrolls
 i - 4 scrolls of noise
 j - 2 scrolls of blinking
 q - 2 scrolls of teleportation
 w - 2 scrolls of amnesia
 y - 4 scrolls of fog
 z - 9 scrolls of identify
 J - a scroll of summoning
 K - 6 scrolls of fear
 N - 3 scrolls of remove curse
Potions
 g - a potion of resistance
 k - a potion of might
 p - a potion of heal wounds
 r - 6 potions of flight
 t - 5 potions of haste
 u - 3 potions of curing
 v - a potion of cancellation
 E - 3 potions of agility
 G - a potion of berserk rage
Miscellaneous
 F - a phantom mirror
Comestibles
 f - 38 rations


   Skills:
 + Level 13.2(18.2) Fighting
 + Level 15.0(20.0) Long Blades
 + Level 8.0(13.0) Polearms
 + Level 13.6(18.6) Armour
 + Level 6.5(11.5) Dodging
 + Level 1.7(6.7) Stealth
 + Level 19.5(24.5) Shields
 + Level 2.8 Invocations
 + Level 1.2 Evocations


You had 14 spell levels left.
You didn't know any spells.
Your spell library contained the following spells:

 Spells                   Type           Power        Failure   Level  Hunger
 Animate Skeleton         Necr           N/A          100%        1    ##.....
 Apportation              Tloc           #.....       100%        1    ##.....
 Confusing Touch          Hex            #.....       100%        1    ##.....
 Corona                   Hex            #......      100%        1    ##.....
 Freeze                   Ice            #...         100%        1    ##.....
 Sandblast                Erth           #.....       100%        1    ##.....
 Summon Small Mammal      Summ           #...         100%        1    ##.....
 Ensorcelled Hibernation  Hex/Ice        #.....       100%        2    ###....
 Passwall                 Tmut/Erth      #.......     100%        2    ###....
 Slow                     Hex            #.......     100%        2    ###....
 Inner Flame              Hex/Fire       #.......     100%        3    ####...
 Portal Projectile        Hex/Tloc       #.....       100%        3    ####...
 Regeneration             Chrm/Necr      #.........   100%        3    ####...
 Stone Arrow              Conj/Erth      #.....       100%        3    ####...
 Cause Fear               Hex            #.........   100%        4    #####..
 Leda's Liquefaction      Hex/Erth       #.........   100%        4    #####..
 Petrify                  Tmut/Erth      #.......     100%        4    #####..
 Summon Lightning Spire   Summ/Air       #.......     100%        4    #####..
 Throw Icicle             Conj/Ice       #.......     100%        4    #####..
 Bolt of Magma            Conj/Fire/Erth #.........   100%        5    ######.
 Irradiate                Conj/Tmut      #.........   100%        5    ######.
 Iskenderun's Battlesphe  Conj/Chrm      #.......     100%        5    ######.
 Lee's Rapid Deconstruct  Erth           #.........   100%        5    ######.
 Metabolic Englaciation   Hex/Ice        #.........   100%        5    ######.
 Silence                  Hex/Air        #.........   100%        5    ######.
 Venom Bolt               Conj/Pois      #.........   100%        5    ######.
 Conjure Ball Lightning   Conj/Air       #.........   100%        6    #######
 Deflect Missiles         Chrm/Air       #.........   100%        6    #######
 Hydra Form               Tmut           #.........   100%        6    #######
 Iron Shot                Conj/Erth      #.........   100%        6    #######
 Statue Form              Tmut/Erth      #........    100%        6    #######
 Dragon Form              Tmut           #.........   100%        7    #######
 Orb of Destruction       Conj           #.........   100%        7    #######
 Spellforged Servitor     Conj/Summ      #.........   100%        7    #######
 Shatter                  Erth           #.........   100%        9    #######
 Tornado                  Air            #.........   100%        9    #######


Dungeon Overview and Level Annotations

Branches:
Dungeon (14/15)            Temple (1/1) D:6            Lair (6/6) D:9
  Swamp (0/4) Lair:2       Spider (0/4) Lair:3        Slime (0/5) Lair:6
    Orc (2/2) D:12            Elf (0/3) Orc:2        Vaults (0/5) D:14

Altars:
Ashenzari
Cheibriados
Dithmenos
Elyvilon
Fedhas
Gozag
Hepliaklqana
Kikubaaqudgha
Makhleb
Nemelex Xobeh
Okawaru
Qazlal
Ru
Sif Muna
Trog
Uskayaw
Vehumet
Wu Jian
Xom
Yredelemnul
Zin
The Shining One
Beogh

Shops:
D:5 ?   D:11 }   D:13 *   Orc:2 [![=

Annotations:
D:8 2 transporters
D:9 1 runed translucent door, sallazang's ghost, novice CeHu
Lair:5 3 runed translucent doors, TheAraber's ghost, journeyman DsGl


Innate Abilities, Weirdness & Mutations

You reflexively headbutt those who attack you in melee.
You have a pair of horns on your head.


Message History

* * * LOW HITPOINT WARNING * * *
You feel sick.
Torikoriko's ghost hits you but does no damage.
You slice Torikoriko's ghost!! You burn Torikoriko's ghost.
You destroy Torikoriko's ghost!
Okawaru is honoured by your kill. Something appears at your feet!
Okawaru grants you a weapon!
Your base Long Blades skill increases to level 15!
* * * LOW HITPOINT WARNING * * *
You feel sick.
* * * LOW HITPOINT WARNING * * *
You feel sick.
You feel a strong urge to attack something.
You are no longer berserk.
You are exhausted.
You feel yourself slow down.
* * * LOW HITPOINT WARNING * * *
You feel sick.
You die...

#.......... ##[♣⌠♣$## ##.#.......
##8.....8## ##.#.......
#!.......?#### #.......#.#
#=.......[##.## ##.........
#8.......8#...####........# ###
###........(#.....##.........
#.###.####'''####.#.............#
...#...#........@........)......#
#..##..#........................#
#...#......#..#..#......#........
##.......)......#)...............
.#......))..........#............
###.............#................
###.....#..._....................
.#.#...###....#...#..............
......## #...###.#...............


There were no monsters in sight!

Vanquished Creatures
  The ghost of
  1994 the Severer, an adept HONe of Kikubaaqudgha (Orc:2)
  The ghost of Torikoriko the Warrior, a journeyman OgMo of Ashenzari (Orc:2)
  The ghost of strelocc the Grappler, a journeyman TrBe of Trog (Orc:2)
  The ghost of Burgietje the Cleaver, a journeyman GrFi of Okawaru (Orc:2)
  A minotaur (Gauntlet)
  An ettin (Orc:1)
  Harold (D:8)
  4 vault guards
  4 hydras
  2 ice dragons (IceCv)
  2 catoblepae
  12 two-headed ogres
  An anaconda (Lair:4)
  2 ogre magi (Orc:2)
  A death knight (D:14)
  3 centaur warriors
  Urug (Lair:3)
  2 death yaks
  An iron troll (Orc:2)
  4 skeletal warriors
  A deep troll (Orc:2)
  2 phantasmal warriors (D:14)
  A wolf spider (Lair:3)
  A deep elf mage (D:14)
  4 ugly things
  3 oklob plants
  3 orc sorcerers
  3 orc knights
  4 cyclopes
  Maurice (D:8)
  2 ice statues (IceCv)
  3 torpor snails
  A black mamba (Lair:6)
  A gargoyle (Gauntlet)
  14 spiny frogs
  A kobold demonologist (D:11)
  3 rime drakes
  An efreet (D:14)
  3 komodo dragons
  A red devil (Volcano)
  16 trolls
  A jumping spider (Lair:3)
  Prince Ribbit (D:6)
  3 polar bears (Lair:6)
  13 blink frogs
  2 slime creatures
  3 bog bodies (Lair:2)
  5 hornets (Lair:6)
  Grinder (D:6)
  5 hippogriffs
  A shadow (D:14)
  17 spriggans
  5 wyverns
  39 yaks
  4 hogs (D:8)
  A redback (Lair:3)
  2 wraiths (D:14)
  2 hungry ghosts
  7 basilisks
  A human (D:8)
  Grum (D:9)
  9 vampire mosquitoes
  2 swamp worms (Lair:2)
  5 wargs
  Menkaure (D:5)
  5 hell hounds
  15 water moccasins
  3 acid dragons
  11 porcupines
  27 ice beasts
  3 black bears
  20 orc warriors
  5 phantoms
  28 ogres
  2 sky beasts
  3 necrophages
  4 boggarts (Lair:6)
  19 wolves
  3 centaurs
  8 crocodiles
  2 big kobolds (D:7)
  Blork the orc (D:6)
  15 bullfrogs
  A gnoll sergeant (D:7)
  8 scorpions
  11 killer bees
  6 wights
  3 electric eels
  7 howler monkeys
  12 crimson imps
  4 centaur zombies
  9 hounds
  17 orc wizards
  A quasit (D:10)
  3 bullfrog zombies
  2 centaur skeletons
  10 jellies
  12 orc priests
  2 iguanas
  2 bullfrog skeletons
  Terence (D:2)
  12 worker ants
  A killer bee zombie (D:7)
  2 hound zombies
  2 hound skeletons
  A worker ant zombie (D:9)
  7 gnolls
  13 adders
  2 shadow imps
  2 oozes (D:2)
  An adder zombie (D:7)
  5 worms
  2 dart slugs
  5 leopard geckos
  69 orcs
  2 ball pythons (D:3)
  2 bats
  6 giant cockroaches
  9 goblins
  15 hobgoblins
  12 jackals
  14 kobolds
  3 quokkas
  4 frilled lizards
  A leopard gecko zombie (D:8)
  A quokka skeleton (D:6)
  A quokka zombie (D:7)
  9 rats
  A fungus (Lair:6)
  A plant (Lair:2)
736 creatures vanquished.

Vanquished Creatures (others)
  Nessos (D:12)
  3 centaurs
  A bullfrog (D:13)
  A butterfly (Lair:2)
  A fungus (Lair:5)
  3 plants
10 creatures vanquished.

Grand Total: 746 creatures vanquished

Notes
Turn   | Place    | Note
-------+----------+-------------------------------------------
     0 | D:1      | Peloso the Minotaur Fighter began the quest for the Orb.
     0 | D:1      | Reached XP level 1. HP: 19/19 MP: 0/0
   121 | D:1      | Reached skill level 4 in Shields
   121 | D:1      | Reached XP level 2. HP: 27/27 MP: 1/1
   707 | D:2      | Noticed Terence
   717 | D:2      | Killed Terence
   717 | D:2      | Reached XP level 3. HP: 30/33 MP: 2/2
   787 | D:2      | Reached XP level 4. HP: 30/40 MP: 3/3
  1101 | D:2      | Reached skill level 5 in Shields
  1104 | D:2      | Reached XP level 5. HP: 47/47 MP: 4/4
  2046 | D:3      | Reached XP level 6. HP: 30/53 MP: 5/5
  2053 | D:3      | Reached skill level 5 in Long Blades
  2053 | D:3      | Reached skill level 1 in Dodging
  2505 | D:4      | Reached skill level 5 in Fighting
  2505 | D:4      | Reached skill level 5 in Armour
  2505 | D:4      | Reached XP level 7. HP: 22/61 MP: 6/6
  3020 | D:5      | Entered Level 5 of the Dungeon
  3028 | D:5      | Reached skill level 6 in Shields
  3093 | D:5      | Found Xyeloo's Magic Scroll Emporium.
  3096 | D:5      | Bought a scroll of teleportation for 36 gold pieces
  3096 | D:5      | Bought a scroll of blinking for 90 gold pieces
  3096 | D:5      | Bought a scroll of fog for 24 gold pieces
  3096 | D:5      | Bought a scroll of identify for 24 gold pieces
  3279 | D:5      | Noticed Menkaure
  3309 | D:5      | Killed Menkaure
  3309 | D:5      | Reached XP level 8. HP: 30/70 MP: 7/7
  3917 | D:6      | Reached skill level 1 in Stealth
  4061 | D:6      | Noticed Blork the orc
  4074 | D:6      | Killed Blork the orc
  4224 | D:6      | Noticed Prince Ribbit
  4433 | D:6      | Found a staircase to the Ecumenical Temple.
  4451 | Temple   | Entered the Ecumenical Temple
  4623 | Temple   | Became a worshipper of Warmaster Okawaru
  4644 | D:6      | Noticed Grinder
  4650 | D:6      | Paralysed by Grinder for 4 turns
  4661 | D:6      | Killed Grinder
  4685 | D:6      | Killed Prince Ribbit
  4685 | D:6      | Reached XP level 9. HP: 72/78 MP: 8/8
  5066 | D:6      | Reached * piety under Okawaru
  5577 | D:7      | Reached skill level 1 in Polearms
  5577 | D:7      | Reached skill level 7 in Shields
  6053 | D:7      | Reached ** piety under Okawaru
  6086 | D:7      | Reached skill level 8 in Shields
  6741 | D:7      | You fall through a shaft!
  6785 | D:8      | Found a transporter.
  6805 | D:8      | Found a transporter.
  6836 | D:8      | Reached XP level 10. HP: 86/88 MP: 9/9
  6879 | D:8      | Noticed a brown ugly thing
  6909 | D:8      | Killed a brown ugly thing
  6909 | D:8      | Reached *** piety under Okawaru
  6909 | D:8      | Reached skill level 5 in Dodging
  6909 | D:8      | Reached skill level 9 in Shields
  7270 | D:8      | Noticed Harold
  7297 | D:8      | Killed Harold
  7297 | D:8      | Reached **** piety under Okawaru
  7297 | D:8      | Reached skill level 5 in Polearms
  7543 | D:8      | Reached skill level 10 in Shields
  8608 | D:9      | Found a runed translucent door.
  8609 | D:9      | Noticed Grum
  9094 | D:9      | Noticed Maurice
  9116 | D:8      | Reached skill level 11 in Shields
  9445 | D:8      | Killed Maurice
  9766 | D:8      | Reached XP level 11. HP: 78/95 MP: 10/10
  9787 | D:8      | Reached ***** piety under Okawaru
  9813 | D:9      | Killed Grum
  9828 | D:9      | Found a shimmering altar of Xom.
  9828 | D:9      | Noticed sallazang's ghost (novice CeHu)
  9828 | D:9      | Noticed a +1 flail of chaos
  9859 | D:9      | Noticed a death yak
 10092 | D:8      | Killed a death yak
 10241 | D:9      | Found a staircase to the Lair.
 10252 | D:9      | Reached skill level 1 in Evocations
 10372 | D:9      | Found a burning altar of Makhleb.
 10577 | D:9      | Received a gift from Okawaru
 10588 | D:9      | Got a pair of ancient boots {god gift}
 10599 | D:9      | Identified the +0 pair of boots of Music {rElec rF+++ rC-
                  | Int-4} (Okawaru gifted it to you on level 9 of the Dungeon)
 10922 | D:5      | Bought a scroll of identify for 24 gold pieces
 10922 | D:5      | Bought a scroll of identify for 24 gold pieces
 10922 | D:5      | Bought a scroll of identify for 24 gold pieces
 10922 | D:5      | Bought a scroll of identify for 24 gold pieces
 11006 | D:10     | Entered Level 10 of the Dungeon
 11766 | D:10     | Reached skill level 12 in Shields
 12120 | D:11     | Found Loerch's Gadget Shop.
 12383 | D:11     | Reached skill level 10 in Long Blades
 13120 | Lair:1   | Entered Level 1 of the Lair of Beasts
 13223 | Lair:1   | Reached XP level 12. HP: 94/106 MP: 11/11
 13261 | Lair:1   | Received a gift from Okawaru
 13302 | Lair:1   | Reached skill level 13 in Shields
 14015 | Lair:2   | Found a dark tunnel.
 14022 | Volcano  | Entered a volcano
 14043 | Volcano  | Reached skill level 10 in Fighting
 14900 | Lair:2   | Reached skill level 10 in Armour
 15025 | Lair:2   | Noticed a seven-headed hydra
 15039 | Lair:2   | Killed a seven-headed hydra
 15039 | Lair:2   | Reached skill level 1 in Invocations
 15955 | Lair:2   | Reached skill level 14 in Shields
 16018 | Lair:2   | Found a staircase to the Swamp.
 16436 | Lair:3   | Noticed a catoblepas
 16490 | Lair:3   | Killed a catoblepas
 16561 | Lair:3   | Noticed Urug
 16618 | Lair:3   | Killed Urug
 17046 | Lair:3   | Found a hole to the Spider Nest.
 17415 | Lair:4   | Received a gift from Okawaru
 17453 | Lair:4   | Reached XP level 13. HP: 66/114 MP: 12/12
 17479 | Lair:4   | Reached skill level 15 in Shields
 19148 | D:12     | Found a staircase to the Orcish Mines.
 19301 | D:12     | Noticed Nessos
 19304 | D:12     | Killed Nessos
 19399 | D:13     | Reached ****** piety under Okawaru
 19484 | D:13     | Received a gift from Okawaru
 19484 | D:13     | Reached skill level 16 in Shields
 19536 | D:13     | Identified the +7 shield "Hexzioqy" {rElec rPois Str-5
                  | Stlth+}
 19959 | D:13     | Found Beapp's Assorted Antiques.
 19967 | D:13     | Bought a scroll labeled EDWANW NEGITH for 39 gold pieces
 20612 | Lair:5   | Found a frozen archway.
 20650 | IceCv    | Entered an ice cave
 21171 | IceCv    | Received a gift from Okawaru
 21172 | IceCv    | HP: 2/116 [something (30)]
 22036 | IceCv    | Got a pitted bone ring
 22063 | IceCv    | Identified the ring of Day {rPois rF- rC+++ SInv Stlth+}
                  | (You found it in an ice cave)
 22263 | Lair:5   | Reached XP level 14. HP: 121/124 MP: 14/14
 22323 | Lair:5   | Found a runed translucent gate.
 22323 | Lair:5   | Found a runed translucent gate.
 22323 | Lair:5   | Found a runed translucent gate.
 22325 | Lair:5   | Noticed TheAraber's ghost (journeyman DsGl)
 23241 | Lair:6   | Entered Level 6 of the Lair of Beasts
 23502 | Lair:6   | Reached skill level 17 in Shields
 23527 | Lair:6   | Found a staircase to the Slime Pits.
 24325 | Lair:6   | Received a gift from Okawaru
 24919 | D:14     | Found a gate leading to a gauntlet.
 24947 | Gauntlet | Entered a Gauntlet
 24947 | Gauntlet | Found a transporter.
 24947 | Gauntlet | Found a transporter.
 24947 | Gauntlet | Found a runed translucent gate.
 24947 | Gauntlet | Found a runed translucent gate.
 24947 | Gauntlet | Found a runed translucent gate.
 24960 | Gauntlet | Found a transporter.
 24964 | Gauntlet | Found a transporter.
 24976 | Gauntlet | Found a transporter.
 24977 | Gauntlet | Found a transporter.
 24984 | Gauntlet | Found a transporter.
 25001 | Gauntlet | Found a transporter.
 25019 | Gauntlet | Found a transporter.
 25020 | Gauntlet | Found a transporter.
 25028 | Gauntlet | Found a transporter.
 25032 | Gauntlet | Found a transporter.
 25269 | Gauntlet | Found a runed translucent door.
 25654 | Gauntlet | Got a pair of faintly humming gloves
 25667 | Gauntlet | Identified the +0 pair of gloves of Ashenzari's Wrath {rN+}
                  | (You found it in a Gauntlet)
 25736 | Gauntlet | Identified Yggoum's Volume of the Boosting Snowflakes
 26320 | D:14     | Reached skill level 18 in Shields
 26629 | D:14     | Found a gate to the Vaults.
 26947 | D:14     | Received a gift from Okawaru
 27268 | Orc:1    | Entered Level 1 of the Orcish Mines
 27284 | Orc:1    | Reached XP level 15. HP: 111/134 MP: 16/16
 27809 | Orc:1    | Found a roughly hewn altar of Beogh.
 28131 | Orc:2    | Entered Level 2 of the Orcish Mines
 28477 | Orc:2    | Found a runed translucent gate.
 28479 | Orc:2    | Found a runed translucent gate.
 28480 | Orc:2    | Found a roughly hewn altar of Beogh.
 28480 | Orc:2    | Found a runed translucent gate.
 28482 | Orc:2    | Noticed strelocc's ghost (journeyman TrBe)
 28482 | Orc:2    | Noticed Burgietje's ghost (journeyman GrFi)
 28484 | Orc:2    | Noticed 1994's ghost (adept HONe)
 28484 | Orc:2    | Noticed Torikoriko's ghost (journeyman OgMo)
 28526 | Orc:2    | Found Baymeoc's Distillery.
 28526 | Orc:2    | Found Destriav's Jewellery Shop.
 28640 | Orc:2    | Reached skill level 19 in Shields
 28685 | Orc:2    | Found Surygg's Antique Armour Emporium.
 28704 | Orc:2    | Found Vaseasemp's Antique Armour Boutique.
 28979 | Orc:2    | Bought a pair of glowing boots for 180 gold pieces
 29087 | Orc:2    | Found a roughly hewn altar of Beogh.
 29102 | Orc:2    | Found a staircase to the Elven Halls.
 29396 | Orc:2    | Found a roughly hewn altar of Beogh.
 29406 | Orc:2    | Paralysed by an orc sorcerer for 3 turns
 29663 | Orc:2    | Killed Burgietje's ghost
 29680 | Orc:2    | Killed strelocc's ghost
 29737 | Orc:2    | Killed 1994's ghost
 29748 | Orc:2    | HP: 7/204 [Torikoriko's ghost (8)]
 29751 | Orc:2    | Killed Torikoriko's ghost
 29751 | Orc:2    | Received a gift from Okawaru
 29751 | Orc:2    | Reached skill level 15 in Long Blades
 29752 | Orc:2    | HP: 3/204 [poisoned by 1994's ghost]
 29753 | Orc:2    | HP: 1/136 [poisoned by 1994's ghost]
 29754 | Orc:2    | Succumbed to 1994's ghost's poison

Skill      XL: |  1  2  3  4  5  6  7  8  9 10 11 12 13 14 15 |
---------------+----------------------------------------------+-----
Shields        | 4 5 6 8 11 12 14 16 18 19 | 19.5
Armour         | 4 5 6 7 8 9 11 13 | 13.6
Fighting       | 4 5 6 7 8 9 10 11 12 13 | 13.2
Long Blades    | 3 4 5 7 9 10 11 13 14 15 | 15.0
Dodging        | 1 3 4 5 6 |  6.5
Stealth        | 1 |  1.7
Polearms       | 3 6 7 8 |  8.0
Evocations     | 1 |  1.2
Invocations    | 1 2 |  2.8

Action                   |  1- 3 |  4- 6 |  7- 9 | 10-12 | 13-15 || total
-------------------------+-------+-------+-------+-------+-------++-------
Melee: Long sword        |    56 |   199 |   149 |       |       ||   404
       Headbutt          |    11 |    28 |   116 |   379 |   379 ||   913
       Falchion          |       |       |    72 |   736 |  1101 ||  1909
       Spear             |       |       |   331 |   669 |       ||  1000
       Trident           |       |       |       |    19 |       ||    19
       Scimitar          |       |       |       |       |   579 ||   579
Invok: Heroism           |       |       |       |    15 |    18 ||    33
       Finesse           |       |       |       |       |     3 ||     3
Evoke: Wand              |       |       |       |     3 |     5 ||     8
  Use: Scroll            |       |       |    13 |    18 |     9 ||    40
       Potion            |       |       |       |     8 |     7 ||    15
  Eat: Chunk             |       |     5 |    16 |    24 |    28 ||    73
       Ration            |       |       |     1 |     4 |     3 ||     8
Armor: Scale mail        |    24 |   111 |   167 |   176 |       ||   478
       Chain mail        |     3 |       |       |       |       ||     3
       Crystal plate arm |       |       |       |   173 |   399 ||   572
       Acid dragon scale |       |       |       |     3 |       ||     3
Dodge: Dodged            |    22 |    66 |   156 |   329 |   208 ||   781
Block: Shield            |    36 |   123 |   344 |  1171 |  1251 ||  2925
       Reflection        |       |       |    11 |     7 |    55 ||    73
       Rpst.: Long sword |     7 |    17 |     9 |       |       ||    33
       Falchion          |       |       |     3 |    42 |    34 ||    79
       Scimitar          |       |       |       |       |    17 ||    17
